Cogmind - Beta 16 @@@ ROGUE MODE // 2025.12.01 @ 17:53:44 Player: ummsosma Result: Destroyed by Y-45 Defender with Heavy Assault Rifle Performance ------------- Evolutions (1) 500 Regions Visited (3) 600 Robots Destroyed (24) 120 Value Destroyed (687) 687 Prototype IDs (0) 0 Alien Tech Used (0) 0 Bonus (0) 0 TOTAL SCORE: 1907 Bonus ------- None Cogmind --------- Core Integrity 0/400 Matter 300/300 Energy 98/100 System Corruption 0% Temperature Cool (27) Movement Core (50) Location -9/Storage Parts ------- > --- POWER (1) -------- (None) > --- PROPULSION (3) --- (None) > --- UTILITY (3) ------ (None) > --- WEAPON (2) ------- (None) > --- INVENTORY (5) ---- Heat Sink Beam Cannon Autogun Mining Laser Mining Laser Peak State ------------ > --- POWER ------------ Light Ion Engine > --- PROPULSION ------- Aluminum Leg Aluminum Leg Aluminum Leg > --- UTILITY ---------- Small Storage Unit Sensor Array Signal Interpreter > --- WEAPON ----------- Flail Flail > --- INVENTORY -------- Heat Sink Terrain Scanner Core Shielding Particle Gun Field Laser Beam Cannon Grenade Launcher Grenade Launcher [Rating: 12] Favorites ----------- Power Light Ion Engine Engine Light Ion Engine Propulsion Light Treads Treads Light Treads Leg Aluminum Leg Wheel Wheel Utility Small Storage Unit Device Sensor Array Storage Small Storage Unit Processor Signal Interpreter Protection Core Shielding Weapon Particle Gun Energy Gun Particle Gun Energy Cannon Beam Cannon Ballistic Gun Light Assault Rifle Launcher Grenade Launcher Special Weapon Mining Laser Impact Weapon Flail Build | -11 -10 -9 -9 ------- Run | Yrd Mat Mat Sto Slots Evolved 2 | . . 2 . Power . | . . . . Propulsion 1 | . . 1 . Utility 1 | . . 1 . Weapon . | . . . . Parts Attached 36 | 5 10 18 3 Power 5 | 1 1 3 . Engine 5 | 1 1 3 . Core . | . . . . Reactor . | . . . . Propulsion 10 | 2 3 4 1 Treads 3 | 2 1 . . Leg 3 | . 2 1 . Wheel 4 | . . 3 1 Hover . | . . . . Flight . | . . . . Utility 9 | 1 2 6 . Device 3 | . . 3 . Storage 2 | 1 . 1 . Processor 2 | . 1 1 . Hackware . | . . . . Protection 2 | . 1 1 . Artifact . | . . . . Weapon 12 | 1 4 5 2 Energy Gun 4 | 1 2 1 . Energy Cannon 1 | . . 1 . Ballistic Gun 2 | . 1 . 1 Ballistic Cannon . | . . . . Launcher 2 | . 1 1 . Special Weapon 1 | . . . 1 Impact Weapon 2 | . . 2 . Slashing Weapon . | . . . . Piercing Weapon . | . . . . Special Melee Weapon . | . . . . Unidentified Prototypes . | . . . . Parts Lost 12 | . . 9 3 Power 3 | . . 2 1 Propulsion 4 | . . 3 1 Utility 3 | . . 3 . Weapon 2 | . . 1 1 Highest Loss Streak 4 | . . 4 3 To Critical Strikes . | . . . . Average Backups 6 | 4 7 6 5 Power . | . . . . Propulsion 1 | 1 2 . . Utility 2 | . 2 2 1 Weapon 2 | 1 1 3 4 Tool/Special . | . . . . Unused Backups 8 | . 2 1 5 Power 1 | . 1 . . Propulsion . | . . . . Utility 2 | . 1 . 1 Weapon 5 | . . 1 4 Tool/Special . | . . . . Average Slot Usage (%) 84 | . 97 83 53 Engine 10 | . 14 8 6 Treads 9 | . 26 . . Leg 9 | . 1 19 . Wheel 3 | . . 2 19 Device 5 | . . 10 . Storage 11 | . 14 11 7 Processor 5 | . 5 7 . Protection 4 | . 7 2 7 Energy Gun 11 | . 14 10 7 Ballistic Gun 4 | . 11 . 1 Launcher 3 | . . 7 . Impact Weapon 1 | . . 2 . Peak Build Rating 12 | 5 9 12 11 Average Rating 7 | 4 7 9 5 On Entrance 6 | . 5 9 10 Avg Prop Armor Cover (%) . | . . . . Naked Turns 74 | . . . 74 Heaviest Build 16 | 9 14 16 13 Greatest Support 40 | 40 40 30 30 Greatest Overweight (x) 1 | . . 1 . Average Overweight (x) . | . . . . Largest Inventory Capacity 8 | 8 8 8 8 Average Capacity 7 | 7 8 8 6 Most Carried 8 | 5 8 8 8 Average Carried 6 | 4 7 6 5 Final Capacity 8 | 8 8 8 5 Final Carried 7 | 5 7 5 5 Class Distribution -------------------- 87% | Mutant 12% | Scavenger-Mutant Dominant Class ---------------- Mutant | -10/Materials Mutant | -9/Materials Mutant | -9/Storage Resources | -11 -10 -9 -9 ----------- Run | Yrd Mat Mat Sto Matter Collected 702 | 224 121 297 60 Remotely . | . . . . Salvage Created 745 | . 272 327 146 Parts 41 | . 17 17 7 Haulers Intercepted . | . . . . Recyclers Shooed 1 | . 1 . . Parts Field Recycled . | . . . . Retrieved Matter . | . . . . Parts Self-Destructed . | . . . . Prevented . | . . . . Parts Restored . | . . . . Kills | -11 -10 -9 -9 ------- Run | Yrd Mat Mat Sto Combat Hostiles Destroyed 20 | . 6 10 4 Melee 2 | . . 2 . Guns 12 | . 6 4 2 Cannons 2 | . . 1 1 Classes Destroyed 7 | . 3 4 . Worker 2 | . 1 1 . Builder 1 | . . 1 . Watcher 1 | . 1 . . Swarmer 4 | . . 4 . Grunt 10 | . 6 2 2 Brawler 1 | . . 1 . Sentry 5 | . . 3 2 Best Kill Streak 3 | . 3 2 2 Combat Bots Only 4 | . 2 4 2 Max Kills in Single Turn 1 | . 1 1 1 Gunslinging . | . . . . Exploded . | . . . . Melee 1 | . . 1 . Uniques/NPCs Destroyed . | . . . . Combat | -11 -10 -9 -9 -------- Run | Yrd Mat Mat Sto Hostile Shots Fired 188 | . 38 115 35 Missed 52 | . 7 36 9 Hits 136 | . 31 79 26 Melee 3 | . . 3 . Projectile 133 | . 31 76 26 Critical Strikes 9 | . . 6 3 Damage Taken 1872 | . 457 1040 375 Core 454 | . 46 241 167 Absorbed by Shields . | . . . . Redirected to Shielding 38 | . 2 15 21 Core Remaining (%) 90 | 100 81 . . Volleys Fired 68 | . 25 33 10 Largest 2 | . 2 2 2 Hottest 165 | . 85 128 165 Shots Fired 117 | . 50 52 15 Gun 91 | . 50 31 10 Cannon 10 | . . 10 . Launcher 11 | . . 11 . Special 5 | . . . 5 Kinetic 30 | . 25 . 5 Thermal 70 | . 19 41 10 Explosive 11 | . . 11 . Electromagnetic 6 | . 6 . . Robot Hit Streak 9 | . 9 9 8 Robot Miss Streak 4 | . 4 3 2 Penetration Max . | . . . . Secondary Targets . | . . . . Shots Hit Robots 74 | . 27 36 11 Core Hits 33 | . 14 14 5 Critical Kills . | . . . . Critical Parts Destroyed 2 | . . 2 . Critical Strikes 7 | . 1 3 3 Burn 5 | . 1 1 3 Smash 2 | . . 2 . Melee Attacks 28 | . . 28 . Impact 28 | . . 28 . Slashing . | . . . . Piercing . | . . . . Sneak Attacks . | . . . . Combat Hostiles . | . . . . Follow-up Attacks 1 | . . 1 . Damage Inflicted 1501 | . 311 991 199 Guns 746 | . 298 309 139 Cannons 121 | . . 121 . Explosions 167 | . . 167 . Melee 394 | . . 394 . Ramming 25 | . 13 . 12 Kinetic 154 | . 78 . 76 Thermal 692 | . 151 430 111 Explosive 167 | . . 167 . Electromagnetic 69 | . 69 . . Impact 394 | . . 394 . Slashing . | . . . . Piercing . | . . . . Highest Corruption . | . . . . Average Corruption . | . . . . Corruption Purged . | . . . . Corruption Blocked . | . . . . Overload Shots . | . . . . Overflow Damage 118 | . . 118 . Projectiles . | . . . . Explosions . | . . . . Melee 118 | . . 118 . Knockbacks . | . . . . Impact . | . . . . Kinetic . | . . . . Secondary . | . . . . Self-Inflicted Damage 6 | . . . 6 Shots . | . . . . Rammed 4 | . 3 . 1 Targets Rammed 7 | . 4 2 1 Kicked 2 | . . 2 . Crushed 1 | . 1 . . Highest Temperature 309 | . 146 258 309 Average Temperature 79 | . 51 73 157 Received Heat Transfer 642 | . 210 234 198 Effects 1 | . . . 1 Interference 1 | . . . 1 Siege Activations . | . . . . Martial Activations . | . . . . Shielding Activations . | . . . . Robots Disrupted . | . . . . Combat Hostiles . | . . . . Robots Corrupted 2 | . . 2 . Combat Hostiles 2 | . . 2 . Parts Fried 1 | . . 1 . Impact Corruptions 8 | . . 8 . Robots Melted 2 | . . 1 1 Combat Hostiles 2 | . . 1 1 Parts Melted 2 | . . 2 . Heat Transferred 1941 | . 435 1036 470 Parts Sabotaged . | . . . . Parts Stolen . | . . . . Parts Stripped . | . . . . Power Chain Reactions . | . . . . Alert | -11 -10 -9 -9 ------- Run | Yrd Mat Mat Sto Maximum Alert Level . | . . . . Low Security (%) 100 | 100 100 100 100 Level 1 . | . . . . Level 2 . | . . . . Level 3 . | . . . . Level 4 . | . . . . Level 5 . | . . . . High Security . | . . . . Max Security . | . . . . Peak Influence 108 | . 53 94 108 Initial 25 | . . 8 25 Average 24 | . 14 31 51 Influence Increases 712 | . 162 357 193 Destroy 0b10 Robot/C 400 | . 120 200 80 Destroy 0b10 Robot/NC 20 | . 10 10 . Destroy Leader 112 | . 32 50 30 Successful Hack 16 | . . 9 7 Disable Machine 15 | . . 15 . Destroy Structure 44 | . . 43 1 Partial Spotted 45 | . . . 45 Lose Combat Pursuer 60 | . . 30 30 Influence Decreases 624 | . 141 317 166 Entered New Map 49 | . . 13 36 Time Decay 436 | . 112 224 100 Lost Part 110 | . . 80 30 Purge Threat 29 | . 29 . . Squads Dispatched 3 | . 2 . 1 Investigation 2 | . 1 . 1 Extermination . | . . . . Reinforcement 1 | . 1 . . Assault . | . . . . Garrison . | . . . . Intercept . | . . . . Searches Triggered . | . . . . Construction Impeded . | . . . . Haulers Reinforced . | . . . . Active Scanning Responses . | . . . . Cargo Convoy Interrupts . | . . . . Stealth | -11 -10 -9 -9 --------- Run | Yrd Mat Mat Sto Distress Signals 2 | . 2 . . Communications Jammed . | . . . . Distress Signals . | . . . . Times Spotted 40 | . 12 22 6 Peak Tracking Total 5 | . 5 5 4 Tactical Retreats 2 | . . 1 1 Traps | -11 -10 -9 -9 ------- Run | Yrd Mat Mat Sto Traps Triggered 3 | . 2 . 1 Indirectly . | . . . . Trap Hack Attempts . | . . . . Triggered . | . . . . Disarmed . | . . . . Reprogrammed . | . . . . Reused . | . . . . Traps Extracted . | . . . . Installed . | . . . . Triggered . | . . . . Machines | -11 -10 -9 -9 ---------- Run | Yrd Mat Mat Sto Machines Disabled 1 | . . 1 . Max in Single Turn 1 | . . 1 . Machines Repaired . | . . . . Machines Dismantled . | . . . . Machines Sabotaged . | . . . . Overloaded Fab Kills . | . . . . Hacking | -11 -10 -9 -9 --------- Run | Yrd Mat Mat Sto Machines Accessed 4 | . 1 2 1 Terminals 4 | . 1 2 1 Fabricators . | . . . . Repair Stations . | . . . . Recycling Units . | . . . . Scanalyzers . | . . . . Garrison Access . | . . . . Total Hacks 16 | . 7 6 3 Successful 7 | . 1 4 2 Failed 9 | . 6 2 1 Catastrophic 1 | . . . 1 Database Lockouts . | . . . . Manual . | . . . . Terminals 16 | . 7 6 3 Fabricators . | . . . . Repair Stations . | . . . . Recycling Units . | . . . . Scanalyzers . | . . . . Garrison Access . | . . . . Terminal Hacks 7 | . 1 4 2 Record 2 | . . 2 . Branch Access Points 1 | . . . 1 Alert Level 1 | . . . 1 Unreport Threat 1 | . 1 . . Locate Traps 1 | . . 1 . Zone Layout 1 | . . 1 . Fabricator Hacks . | . . . . Repair Station Hacks . | . . . . Recycling Unit Hacks . | . . . . Scanalyzer . | . . . . Garrison Access Hacks . | . . . . Unauthorized Hacks . | . . . . Terminals . | . . . . Fabricators . | . . . . Repair Stations . | . . . . Recycling Units . | . . . . Scanalyzers . | . . . . Garrison Access . | . . . . Data Cores Recovered . | . . . . Used . | . . . . Hacking Detections 4 | . 1 2 1 Full Trace Events 2 | . 1 . 1 Feedback Events . | . . . . Feedback Blocked . | . . . . Robot Schematics Acquired . | . . . . Robots Built . | . . . . Authchips . | . . . . Time . | . . . . Total Robot Build Rating . | . . . . Part Schematics Acquired . | . . . . Parts Built . | . . . . Authchips . | . . . . Time . | . . . . Total Part Build Rating . | . . . . Part Studies Acquired . | . . . . Parts Repaired . | . . . . Time . | . . . . Parts Recycled . | . . . . Recycled Matter . | . . . . Retrieved Matter . | . . . . Retrieved Components . | . . . . Parts Scanalyzed . | . . . . Part Schematics Acquired . | . . . . Parts Damaged . | . . . . Bothacking | -11 -10 -9 -9 ------------ Run | Yrd Mat Mat Sto Used RIF Installer . | . . . . Robots Hacked . | . . . . Non-combat . | . . . . Combat . | . . . . Robot Hacks Applied . | . . . . Relay Couplers Released . | . . . . Fabnet Peak Effective % . | . . . . Robots Rewired . | . . . . Allies Hacked . | . . . . Hacks Repelled . | . . . . Allies | -11 -10 -9 -9 -------- Run | Yrd Mat Mat Sto Total Allies . | . . . . Largest Group . | . . . . Highest-Rated Group . | . . . . Highest-Rated Ally . | . . . . Total Orders . | . . . . Ally Attacks . | . . . . Total Damage . | . . . . Kills . | . . . . Allies Corrupted . | . . . . Allies Melted . | . . . . Intel | -11 -10 -9 -9 ------- Run | Yrd Mat Mat Sto Active Infowar (turns) 815 | . 223 592 . Optics 289 | . 223 66 . Sensors 527 | . . 527 . Terrain 93 | . . 93 . Robot Analysis Total . | . . . . Derelict Logs Recovered . | . . . . Drone Launches . | . . . . Drone Recoveries . | . . . . Exploration | -11 -10 -9 -9 ------------- Run | Yrd Mat Mat Sto Turns Passed 1759 | 194 597 761 207 Spaces Moved 1146 | 123 306 463 254 Core 164 | 15 . . 149 Treads 388 | 108 280 . . Legs 410 | . 26 384 . Wheels 184 | . . 79 105 Hover . | . . . . Flight . | . . . . Fastest Speed 50 | 50 120 80 50 Average Speed 118 | 146 156 117 62 Slowest Speed 190 | 160 160 190 80 Overloaded Moves . | . . . . Propulsion Burnouts . | . . . . Robots Hopped . | . . . . Potential Cave-ins . | . . . . Cave-ins Triggered . | . . . . Exploration Rate (%) 29 | 7 40 35 35 Regions Visited 3 Branch Regions 1 Pre-discovered Areas . | . . . . Known Exits Taken . | . . . . Unknown Exits Taken 3 | 1 1 1 . Scrap Searched . | . . . . Spaces Dug . | . . . . Terrain Destroyed 37 | . . 36 1 Melee . | . . . . Projectile 1 | . . . 1 AOE 36 | . . 36 . Terrain Rammed . | . . . . Walls Destroyed . | . . . . Machines Disabled . | . . . . Actions | -11 -10 -9 -9 --------- Run | Yrd Mat Mat Sto Total 1378 | 137 379 584 278 Wait 26 | . 9 17 . Move 1143 | 122 305 462 254 Hop . | . . . . Pick Up 40 | 10 14 11 5 Fast Attach 4 | . 1 3 . Attach 21 | 5 5 10 1 Detach . | . . . . Swap 17 | . 5 10 2 Drop 21 | . 11 9 1 Fire 68 | . 25 33 10 Melee 27 | . . 27 . Ram 1 | . . . 1 Kick 2 | . . 2 . Crush 4 | . 4 . . Escape Stasis 4 | . . . 4 Rewire . | . . . . Trap . | . . . . Miscellaneous . | . . . . Route ------- -11/Scrapyard -10/Materials -9/Materials (discovered 2 exits: [*Min] / *Sto) -9/Storage (discovered 1 exit: Rec) History --------- Turn | Location | Event 19 | -11/Scrapyard | Discovered new exit (range 15) 195 | -11/Scrapyard | Entered Materials 315 | -10/Materials | Build established: Mutant 728 | -10/Materials | Discovered new exit (range 17) 792 | -10/Materials | Entered another Materials area 792 | -9/Materials | Evolved 2 slots: Propulsion x1, Utility x1 1415 | -9/Materials | Lost 4 parts (1p1n1u1w) 1520 | -9/Materials | Discovered new exit (range 12) 1542 | -9/Materials | Core integrity fell below 50% 1551 | -9/Materials | Discovered new exit (range 12) 1553 | -9/Materials | Entered Storage 1571 | -9/Storage | Identified exit to Recycling 1667 | -9/Storage | Core integrity fell below 20% 1686 | -9/Storage | Released all parts (5) 1707 | -9/Storage | Lost 3 parts (1p1n1w) 1760 | -9/Storage | Destroyed by Y-45 Defender with Heavy Assault Rifle Last Messages --------------- 01665_ K-01 Serf collects debris. 01666_ Lgt. Ion Engine destroyed. 01669_ Slammed into K-01 Serf. 01676_ Particle Gun destroyed. 01677_ Y-45 Defender destroyed. 01681_ Acquired Autogun. 01683_ Acquired 16 matter. 01685_ K-01 Serf collects debris. 01686_ Released Autogun. 01686_ Released Wheel. 01686_ Released Sml. Storage Unit. 01686_ Released Core Shielding. 01686_ Released Wheel. [Achievement: Live, Flee, And Rebuild] 01693_ R-06 Scavenger collects Core Shielding. 01696_ R-06 Scavenger collects Wheel. 01697_ R-06 Scavenger collects Mining Laser. 01698_ K-01 Serf collects debris. 01754_ Critical hit (Burn: +37). [Achievement: First Step to Greatness] Map ----- +----------------------------------------------------+ | ?????????????????# #??????????????????? | | ?????????????????# #??????????????????? | | ?????????????????# #??????????????????? | | ?????????????????# #??????????????????? | | ?????????????????# #??????????????????? | | ?##########?????## ############???????? | | ?# ####### ||# ![=#???????? | | ?# + [!+% [[ =%##???????? | | ?# #### !]# [[ *#????????? | | ?# #??# #### [[ #????????? | | ?# #??# ?+ #????????? | | ?# #??######## " " #????????? | | ?# #?????????# "G" #????????? | | ?# #?????????# " #????????? | | ?# #?????????# #????????? | | ####+###+#??##?????#####+####????????? | | / #??# ??? ## #??????????? | | ### #??# ??? ## #??????????? | | ???# #??# """ + #??????????? | | ???# #??# """ ## #??????????? | | ???# #?## ## #??????????? | | ???# #?# """ T# #??????????? | | ???# #??# """ ## #???######?? | | ???# #??# """ ## #?? / =#?? | | ???# #??# ## #? #?? | | ???# #####+##+##### @m# #?? | | ???# Y # #?? | | ???# + #?? | | ???# # #?? | | ???############+##+##### #??[[ #?? | | ?????????# #Y #???? #? | | ?????????# """" """" # #?????? ##? | | ?????????# """" """" # #??#####?#?? | | ?????????# """" """" # #??#"""#???? | | ?????????# """" """" # #??#"R"#???? | | ????????? ?# ####" "###?? | | ????????################ # #?? | | ?????????????# # # #?? | | ?????????????# """ # # #?? | | ?????????????# """ # # #?? | | ?????????????# """ + +% """ #?? | | ?????????????# """ % # # """ #?? | | ?????????????# """ # %# R" #?? | | ?????????????# "T" # # """ #?? | | ?????????????# """ # # #?? | | ?????????????########### ##########?? | | ???????????????????????#####??????????? | | ??????????????????????????????????????? | | ??????????????????????????????????????? | | ??????????????????????????????????????? | +----------------------------------------------------+ Best States ------------- Heat Dissipation 28 Energy Generation 10 Energy Capacity 250 Matter Stores 300 Matter Capacity 300 Sight Range 18 Robot Scan Range 14 Terrain Scan Range 14 Terrain Scan Density 10 Core Shielding 20 Evasion (%) 55 Recoil Reduction 2 Item Schematics ----------------- None Robot Schematics ------------------ None Fabricated ------------ Nothing Repaired ---------- Nothing Studied --------- None Alien Tech Used ----------------- None Achievements -------------- Everything Is Under Control First Step to Greatness For Emergencies Only It's Just You Live, Flee, And Rebuild One Hack Too Far Organ Harvest Overwhelming Power Corrupts Spot Them First There's More Where That Came From Uninvited Guest Challenges ------------ None Game ------ Seed CompanionArmoredShielding Manual? 0 Play Time 00:51:11 Cumulative 0.8 hours Start 2025.12.01 @ 16:58:12 End 2025.12.01 @ 17:53:44 Sessions 1 Manual Loads 0 Difficulty Rogue Special Mode None Game No. 1 Rogue 1 Adventurer 0 Explorer 0 Win Type - Total 0 Types 0/0/0/0/0/0/0/0/0/0 Lore% 0 Gallery% 1 Achievement% 2 Wizard Run 0 Options --------- Layout 1 ASCII 0 Keyboard 0 Movement Arrows Keybinds 0 Fullscreen 1 Font 16/SmallcapsGlow Map View 50x40 Zoom Use 0% Tactical HUD 1 Map Filters NONE Filters NONE Steam SD RUN: cb70aef1-8724-41fb-9ded-fee510fb4f78